 Dungeon Crawl Stone Soup version 0.17.1-2-g5865329 (webtiles) character file.

172 Stagor the Firebug (level 5, 0/28 HPs)
             Began as a Deep Elf Fire Elementalist on Feb 6, 2016.
             Slain by a hound (4 damage)
             ... on level 4 of the Dungeon on Feb 7, 2016.
             The game lasted 00:30:42 (3828 turns).

Stagor the Firebug (Deep Elf Fire Elementalist)     Turns: 3828, Time: 00:30:42

Health: 0/28       AC:  3    Str:  6      XL:     5   Next: 27%
Magic:  2/13       EV: 11    Int: 25      God:
Gold:   199        SH:  0    Dex:  8 (15) Spells: 2 memorised, 9 levels left

rFire  + . .     SeeInvis .     q - staff of earth
rCold  x . .     Clarity  .     v - +0 leather armour
rNeg   . . .     SustAt   .     (no shield)
rPois  .         Gourm    .     (no helmet)
rElec  .         Spirit   .     (no cloak)
rCorr  .         Warding  .     (no gloves)
rMut   .         Stasis   .     (no boots)
MR     .....                    (no amulet)
Stlth  ++........               (no ring)
                                s - ring of fire

@: brilliant, very slightly contaminated, hasted, invisible, very quick, not
resistant to hostile enchantments, unstealthy
A: no striking features
a: no special abilities


You were on level 4 of the Dungeon.
You were not hungry.

You visited 1 branch of the dungeon, and saw 5 of its levels.

You collected 199 gold pieces.

Inventory:

Hand Weapons
 e - a +0 short sword
 g - a +0 longbow
Missiles
 u - 101 stones (quivered)
Armour
 a - a +0 robe
 i - a +0 robe
 j - a +0 robe
 o - a +0 robe
 v - a +0 leather armour (worn)
 B - a +0 robe
Magical Staves
 q - an uncursed staff of earth (weapon)
Jewellery
 f - a cursed -2 ring of protection {unknown}
 s - a ring of fire (left hand)
Scrolls
 l - a scroll of fear {unknown}
 n - 3 scrolls of teleportation {unknown}
 p - a scroll of immolation {unknown}
 y - a scroll of noise {unknown}
 A - 2 scrolls of enchant armour {unknown}
 C - a scroll of identify
Potions
 h - 2 potions of curing
 m - a potion of haste
 x - a potion of heal wounds {unknown}
 z - a potion of poison {unknown}
Books
 b - a book of Flames

   Spells                             Type                      Level
   a - Flame Tongue                   Conjuration/Fire             1
   b - Throw Flame                    Conjuration/Fire             2
   c - Conjure Flame                  Conjuration/Fire             3
   d - Inner Flame                    Hexes/Fire                   3
   e - Sticky Flame                   Conjuration/Fire             4
   f - Fireball                       Conjuration/Fire             5
Comestibles
 c - 4 bread rations
 d - a meat ration


   Skills:
 + Level 2.5 Dodging
 + Level 3.0 Stealth
 + Level 4.3 Spellcasting
 * Level 3.2 Conjurations
 * Level 4.7 Fire Magic


You had 9 spell levels left.
You knew the following spells:

 Your Spells              Type           Power        Failure   Level  Hunger
a - Flame Tongue          Conj/Fire      #####        1%          1    None
b - Throw Flame           Conj/Fire      ######       1%          2    None


Dungeon Overview and Level Annotations

Branches:
Dungeon (5/15)
 Temple: D:4-7

Altars:
Fedhas
Kikubaaqudgha
Nemelex Xobeh
Okawaru


Message History

The hound closely misses you. The quasit closely misses you.
The quasit claws you but does no damage.
The quasit closely misses you. The hound bites you but does no damage.
You closely miss the quasit.
The quasit is almost dead.
The quasit barely misses you. x2
The quasit claws you but does no damage.
The hound closely misses you.
You barely miss the quasit.
The quasit is almost dead.
The quasit bites you.
* * * LOW HITPOINT WARNING * * *
The quasit barely misses you. The quasit closely misses you.
The hound misses you.
Drink which item? (? for menu, Esc to quit)
It was a potion of invisibility.
You fade into invisibility!
The quasit closely misses you. x2
The quasit barely misses you. The hound bites you.
You die...

..#....# #...
#.#
####.#.####..
#.. #.##....
#.# #.##....
#.# #.#.....
#.. #.......
#o# #.#.....
#h##.##.#
#.......
#@5......
#####.##
######### #.#
#.## #. #.##
#. #.#_ #)
#.## #. #.##
#.#####.#
#.......##


You could see a hound, a quasit and an orc.

Vanquished Creatures
  A scorpion (D:4)
  Jessica (D:2)
  2 adders (D:2)
  2 oozes
  3 worms (D:2)
  4 giant geckos
  2 orcs (D:4)
  5 giant cockroaches
  4 hobgoblins
  3 quokkas
  A ball python (D:1)
  6 bats
  12 giant newts
  5 goblins
  11 kobolds
  3 rats
65 creatures vanquished.

Notes
Turn   | Place    | Note
--------------------------------------------------------------
     0 | D:1      | Stagor the Deep Elf Fire Elementalist began the quest for the Orb.
     0 | D:1      | Reached XP level 1. HP: 10/10 MP: 6/6
   500 | D:1      | Reached XP level 2. HP: 15/15 MP: 5/8
   735 | D:1      | Reached skill level 4 in Fire Magic
  1158 | D:2      | Reached XP level 3. HP: 19/19 MP: 7/9
  1162 | D:2      | Learned a level 2 spell: Throw Flame
  1519 | D:2      | Found an ancient bone altar of Kikubaaqudgha.
  2083 | D:2      | Reached XP level 4. HP: 24/24 MP: 8/11
  2137 | D:2      | Noticed Jessica
  2175 | D:2      | Killed Jessica
  2923 | D:3      | Found an iron altar of Okawaru.
  3014 | D:3      | Found a sparkling altar of Nemelex Xobeh.
  3328 | D:4      | Found a blossoming altar of Fedhas.
  3397 | D:4      | Reached XP level 5. HP: 28/28 MP: 6/13
  3813 | D:5      | Entered Level 5 of the Dungeon
  3828 | D:4      | Slain by a hound

Action                   |  1- 3 |  4- 6 || total
-------------------------+-------+-------++-------
Melee: Short sword       |     3 |       ||     3
       Staff             |       |     4 ||     4
 Cast: Flame Tongue      |    67 |    33 ||   100
       Throw Flame       |    17 |    16 ||    33
  Use: Scroll            |       |     2 ||     2
       Potion            |       |     4 ||     4
  Eat: Pizza             |     1 |     1 ||     2
       Meat ration       |     1 |       ||     1
       Beef jerky        |       |     1 ||     1
